 Dungeon Crawl Stone Soup version 0.30-a0-373-gd37427bb62 (webtiles) character file.

Game seed: 18354590600075728234

65330 nomicflux the Fighter (level 14, -3/132 HPs)
             Began as a Purple Draconian Earth Elementalist on Nov 23, 2022.
             Was a High Priest of Sif Muna.
             Succumbed to a meliai's poison
             ... on level 13 of the Dungeon.
             The game lasted 01:29:51 (25673 turns).

nomicflux the Fighter (DrEE)                       Turns: 25673, Time: 01:29:52

Health: -3/132     AC: 20    Str: 12    XL:     14   Next: 75%
Magic:  29/29      EV: 12    Int: 19    God:    Sif Muna [*****.]
Gold:   1112       SH:  0    Dex: 14    Spells: 9/36 levels left

rFire   . . .      SeeInvis .    j - +2 spear (vorpal)
rCold   + + .      Faith    .    (no shield)
rNeg    . . .      Spirit   .    (body armour unavailable)
rPois   .          Reflect  .    R - +0 hat
rElec   .          Harm     .    w - +4 cloak of the Tarantula {rC++ Will+}
rCorr   .          Rampage  .    v - +1 pair of gloves {infuse}
Will    +++..                    m - +0 pair of boots
Stlth   ++........               k - amulet of magic regeneration
HPRegen 0.42/turn                c - ring of Buehusog {Wiz Dex+2 Slay+2}
MPRegen 0.61/turn                z - +4 ring of protection

@: lethally poisoned (-3 -> -26), studying Polearms
A: breathe power, AC +8, unfitting armour, cold-blooded
a: Breathe Dispelling Energy, Renounce Religion, Channel Magic, Forget Spell,
Divine Exegesis


You were on level 13 of the Dungeon.
You worshipped Sif Muna.
Sif Muna was extremely pleased with you.
You visited 3 branches of the dungeon, and saw 20 of its levels.
You also visited: Gauntlet.

You collected 1112 gold pieces.

Inventory:

Hand Weapons
 e - a +1 war axe
 j - a +2 vorpal spear (weapon)
 E - a +3 shortbow of draining
Armour
 m - a +0 pair of boots (worn)
 v - a +1 pair of gloves of infusion (worn)
 w - the +4 cloak of the Tarantula (worn) {rC++ Will+}
   (You found it in a Gauntlet)

   rC:        It greatly protects you from cold.
   Will:      It increases your willpower.
 R - a +0 hat (worn)
Magical Staves
 B - a staff of earth
Jewellery
 c - the ring of Buehusog (left hand) {Wiz Dex+2 Slay+2}
   (You acquired it on level 5 of the Dungeon)

   [ring of wizardry]

   It improves your spell success rate.
   Dex:       It affects your dexterity (+2).
   Slay:      It affects your accuracy & damage with ranged weapons and melee
   (+2).
 i - a ring of protection from fire
 k - an amulet of magic regeneration (around neck)
 l - a ring of flight
 u - a ring of positive energy
 z - a +4 ring of protection (right hand)
 G - a ring of poison resistance
 Q - an amulet of regeneration
Wands
 y - a wand of mindburst (6)
 D - a wand of flame (82)
 H - a wand of polymorph (1)
 J - a wand of digging (5)
 N - a wand of charming (9)
Scrolls
 b - 3 scrolls of butterflies
 o - a scroll of silence
 r - 2 scrolls of brand weapon
 s - a scroll of amnesia
 A - 4 scrolls of teleportation
 F - 2 scrolls of enchant armour
 I - 3 scrolls of enchant weapon
 K - 2 scrolls of magic mapping
 M - a scroll of summoning
 P - 4 scrolls of identify
Potions
 a - 3 potions of magic
 d - 4 potions of invisibility
 f - 14 potions of curing
 g - 6 potions of flight
 h - 3 potions of heal wounds
 n - a potion of might
 p - 2 potions of lignification
 q - 3 potions of brilliance
 t - a potion of haste
 x - a potion of ambrosia
 C - 2 potions of cancellation
 L - 2 potions of mutation
 O - 2 potions of resistance


   Skills:
 + Level 14.0 Fighting
 + Level 9.5 Polearms
 - Level 1.7 Dodging
 - Level 1.7 Stealth
 - Level 11.5 Spellcasting
 + Level 11.7 Conjurations
 - Level 6.0 Transmutations
 + Level 3.9 Air Magic
 - Level 13.0 Earth Magic
 - Level 8.0 Invocations


You had 9 spell levels left.
You knew the following spells:

 Your Spells              Type           Power      Damage    Failure   Level
a - Sandblast             Erth           100%       2d20      1%          1
b - Passwall              Tmut/Erth      39%        N/A       1%          2
c - Stone Arrow           Conj/Erth      100%       3d13      1%          3
d - Petrify               Tmut/Erth      47%        N/A       1%          4
e - Arcjolt               Conj/Air       20%        1d30      2%          5
f - Lightning Bolt        Conj/Air       20%        1d35      2%          5
g - Orb of Destruction    Conj           26%        9d9       17%         7

Your spell library contained the following spells:

 Spells                   Type           Power      Damage    Failure   Level
 Foxfire                  Conj/Fire      100%       2x1d9     1%          1
 Shock                    Conj/Air       100%       1d9       1%          1
 Poisonous Vapours        Pois/Air       36%        N/A       1%          2
 Searing Ray              Conj           100%       2d8       1%          2
 Static Discharge         Conj/Air       80%        2-6/arc   1%          2
 Hailstorm                Conj/Ice       33%        3d8       1%          3
 Mephitic Cloud           Conj/Pois/Air  30%        N/A       1%          3
 Freeze                   Ice            44%        1d6       2%          1
 Cigotuvi's Dreadful Rot  Necr/Pois/Air  32%        N/A       2%          2
 Vhi's Electric Charge    Tloc/Air       36%        N/A       3%          3
 Frozen Ramparts          Ice            22%        1d4       8%          3
 Ozocubu's Armour         Ice            11%        N/A       8%          3
 Ice Form                 Ice/Tmut       22%        N/A       8%          4
 Dispel Undead            Necr           11%        3d9       26%         4
 Metabolic Englaciation   Hex/Ice        5%         N/A       54%         5
 Summon Forest            Summ/Tloc      5%         N/A       54%         5
 Summon Mana Viper        Hex/Summ       11%        N/A       54%         5
 Death Channel            Necr           5%         N/A       98%         6
 Simulacrum               Ice/Necr       5%         N/A       98%         6
 Summon Cactus Giant      Summ           5%         N/A       98%         6
 Malign Gateway           Summ/Tloc      5%         N/A       100%        7
 Ozocubu's Refrigeration  Ice            5%         4d8       100%        7
 Maxwell's Capacitive Co  Air            13%        ∞         100%        8
 Summon Horrible Things   Summ           5%         N/A       100%        8


Dungeon Overview and Level Annotations

Branches:
Dungeon (14/15)            Temple (1/1) D:6            Lair (5/5) D:10
 Shoals (0/4) Lair:2        Snake (0/4) Lair:3        Slime (0/5) Lair:4
    Orc (0/2) D:10         Vaults (0/5) D:13        Gauntlet (visited)

Altars:
Ashenzari
Cheibriados
Dithmenos
Elyvilon
Fedhas
Gozag
Hepliaklqana
Kikubaaqudgha
Makhleb
Nemelex Xobeh
Okawaru
Qazlal
Ru
Sif Muna
Trog
Uskayaw
Vehumet
Wu Jian
Xom
Yredelemnul
Zin
The Shining One
Jiyva

Shops:
D:10 (

Annotations:
Lair:2 2 transporters


Innate Abilities, Weirdness & Mutations

You can breathe bolts of dispelling energy.
Your rich purple scales are hard. (AC +8)
You cannot fit into any form of body armour.
You are cold-blooded and may be slowed by cold attacks.


Message History

The meliai barely misses you. x2; The meliai closely misses you.
The meliai hits you with a +0 war axe.
* * * LOW HITPOINT WARNING * * *
The meliai stings you but does no damage.
The meliai mumbles some strange prayers to its god against you.
Something smites you!
* * * LOW HITPOINT WARNING * * *
You finish merging with the rock.
You feel better.
The meliai invokes the aid of its god against you.
Something smites you!
* * * LOW HITPOINT WARNING * * *
You feel much better. The meliai closely misses you. The meliai stings you.
* * * LOW HITPOINT WARNING * * *
The meliai hits you with a +0 war axe.
* * * LOW HITPOINT WARNING * * *
The meliai stings you but does no damage.
You feel much better. The meliai hits you but does no damage.
The meliai stings you but does no damage.
The meliai invokes the aid of its god against you.
Something smites you! The meliai hits you but does no damage.
The meliai closely misses you. The meliai attacks as you move away!
The meliai closely misses you. The meliai stings you.
* * * LOW HITPOINT WARNING * * *
There is a stone staircase leading up here.
The meliai misses you. The meliai stings you.
* * * LOW HITPOINT WARNING * * *
The meliai hits you but does no damage. The meliai stings you.
* * * LOW HITPOINT WARNING * * *
You are poisoned.
The meliai poisons you!
The meliai mumbles some strange prayers to its god against you.
Something smites you!
* * * LOW HITPOINT WARNING * * *
The meliai calls down the wrath of its god upon you.
Something smites you!
* * * LOW HITPOINT WARNING * * *
You climb upwards.
You die...

##.>.######
#.#......####
#..#####....##### ##.#
##.......# #.##
#..)....#
########..#####.......#
......................#
..#############.......#
### #y@y....# #.......#
#########


You could see 2 meliai.

Vanquished Creatures
  A minotaur (Gauntlet)
  3 hydras
  2 centaur warriors
  2 boulder beetles
  2 catoblepae (Lair:5)
  2 dancing weapons (D:13)
  5 death yaks (Lair:5)
  A deep troll shaman (Lair:5)
  3 skeletal warriors (D:13)
  An orc knight (D:10)
  A lindwurm (Lair:5)
  A necromancer (Gauntlet)
  3 cyclopes
  3 ugly things (D:13)
  3 merfolk sirens (Lair:2)
  9 black mambas
  9 elephants
  2 gargoyles
  3 torpor snails
  13 cane toads
  A minotaur zombie (Gauntlet)
  A hellion (Gauntlet)
  8 komodo dragons
  7 rime drakes
  2 efreet (D:13)
  5 trolls
  3 polar bears
  A tyrant leech (Lair:5)
  A merfolk (Lair:2)
  Prince Ribbit (D:6)
  15 blink frogs
  4 dream sheep (Lair:2)
  A blink frog (shapeshifter) (D:12)
  6 slime creatures
  A spriggan (Lair:2)
  84 yaks
  Sigmund (D:6)
  2 wyverns
  A vampire (D:9)
  A basilisk (Lair:5)
  3 wraiths
  A steam dragon (D:7)
  3 swamp worms (Lair:5)
  4 acid dragons
  26 water moccasins
  Duvessa (D:6)
  7 orc warriors
  A sky beast (D:5)
  6 black bears
  31 wolves
  6 centaurs
  3 phantoms
  2 kobold brigands
  A gnoll sergeant (D:6)
  9 bullfrogs
  3 scorpions (D:5)
  10 wights
  Dowan (D:6)
  14 killer bees
  An electric eel (D:6)
  8 howler monkeys
  9 orc priests
  Crazy Yiuf (D:7)
  A hound (D:4)
  5 jellies
  2 gnoll boudas
  4 iguanas
  13 orc wizards
  19 gnolls
  8 river rats (D:7)
  4 adders
  A worm (D:4)
  2 dart slugs
  34 orcs
  3 ball pythons
  4 bats
  7 endoplasms
  5 giant cockroaches
  8 goblins
  9 hobgoblins
  6 jackals
  5 quokkas (D:7)
  A training dummy (D:10)
  A frilled lizard (D:2)
  16 kobolds
  14 rats (D:7)
538 creatures vanquished.

Vanquished Creatures (others)
  An angel (D:10)
  A bush (Lair:2)
  A demonic plant (Gauntlet)
  53 fungi
  152 plants
  4 withered plants (Gauntlet)
212 creatures vanquished.

Grand Total: 750 creatures vanquished

Notes
Turn   | Place    | Note
-------+----------+-------------------------------------------
     0 | D:1      | nomicflux the Draconian Earth Elementalist began the quest
                  | for the Orb.
     0 | D:1      | Reached XP level 1. HP: 14/14 MP: 3/3
   336 | D:1      | Reached XP level 2. HP: 9/22 MP: 0/5
   339 | D:1      | Learned a level 2 spell: Passwall
   495 | D:1      | Reached skill level 1 in Fighting
  1038 | D:2      | Reached XP level 3. HP: 28/28 MP: 3/6
  1084 | D:2      | Learned a level 3 spell: Stone Arrow
  1581 | D:2      | Reached XP level 4. HP: 31/35 MP: 3/8
  2795 | D:4      | Reached XP level 5. HP: 28/40 MP: 5/10
  3021 | D:4      | Reached skill level 2 in Fighting
  3021 | D:4      | Reached skill level 1 in Conjurations
  3499 | D:5      | Entered Level 5 of the Dungeon
  3644 | D:5      | Reached XP level 6. HP: 47/49 MP: 8/11
  3740 | D:5      | Identified a scroll of acquirement
  3740 | D:5      | Acquired the ring of Buehusog {Wiz Dex+2 Slay+2}
  3755 | D:5      | Found an iron altar of Okawaru.
  3862 | D:5      | Reached skill level 5 in Earth Magic
  3926 | D:5      | Reached skill level 3 in Fighting
  4170 | D:5      | Your scales start taking on a rich purple colour.
  4170 | D:5      | Reached skill level 5 in Spellcasting
  4170 | D:5      | Reached XP level 7. HP: 57/57 MP: 10/14
  4624 | D:6      | Noticed Prince Ribbit
  4748 | D:5      | Reached skill level 4 in Fighting
  4943 | D:6      | Noticed Duvessa
  4955 | D:6      | Killed Duvessa
  4955 | D:6      | Noticed Dowan
  4990 | D:6      | Killed Dowan
  4991 | D:6      | Reached XP level 8. HP: 67/67 MP: 6/17
  5214 | D:6      | Found a staircase to the Ecumenical Temple.
  5218 | D:6      | Noticed Sigmund
  5221 | Temple   | Entered the Ecumenical Temple
  5417 | D:6      | Killed Sigmund
  5418 | D:6      | Reached skill level 5 in Fighting
  5547 | D:6      | Killed Prince Ribbit
  6086 | D:7      | Found a runed translucent door.
  6087 | D:7      | Noticed Crazy Yiuf
  6095 | D:7      | Killed Crazy Yiuf
  6238 | D:7      | Reached skill level 5 in Conjurations
  6240 | D:7      | Reached skill level 6 in Fighting
  6240 | D:7      | Reached XP level 9. HP: 39/75 MP: 10/20
  6725 | D:6      | Found a hazy altar of Hepliaklqana.
  6843 | D:5      | Reached skill level 7 in Fighting
  7089 | D:6      | Found a broken altar of Ashenzari.
  7400 | D:7      | Reached XP level 10. HP: 86/86 MP: 16/22
  7805 | D:7      | Found a burning altar of Makhleb.
  8503 | D:8      | Noticed a centaur warrior
  8905 | D:8      | Killed a centaur warrior
  8906 | D:8      | Reached skill level 8 in Fighting
  9520 | D:9      | Noticed a two-headed ogre
  9785 | D:9      | Found a white marble altar of Elyvilon.
 10081 | D:9      | Noticed a boulder beetle
 10097 | D:9      | Killed a boulder beetle
 10098 | D:9      | Reached skill level 9 in Fighting
 10546 | D:9      | Reached skill level 10 in Spellcasting
 10561 | D:10     | Entered Level 10 of the Dungeon
 10565 | D:10     | Reached XP level 11. HP: 97/97 MP: 17/25
 10703 | D:10     | Found a blossoming altar of Fedhas.
 10736 | D:10     | Found a basalt altar of Yredelemnul.
 10759 | D:10     | Found a snail-covered altar of Cheibriados.
 10904 | D:10     | Found a shimmering blue altar of Sif Muna.
 10915 | D:10     | Became a worshipper of Sif Muna the Loreminder
 11190 | D:10     | Reached skill level 10 in Earth Magic
 11208 | D:10     | Killed an angel
 11214 | D:10     | Reached * piety under Sif Muna
 11321 | D:10     | Found a glowing silver altar of Zin.
 11321 | D:10     | Found a shimmering altar of Xom.
 11332 | D:10     | Reached skill level 10 in Fighting
 11402 | D:10     | Found Miat's Firing Range.
 11502 | D:10     | Found a radiant altar of Vehumet.
 11511 | D:10     | Found an opulent altar of Gozag.
 11562 | D:10     | Noticed an orc knight
 11597 | D:10     | Killed an orc knight
 11598 | D:10     | Reached skill level 1 in Invocations
 11645 | D:10     | Found a staircase to the Orcish Mines.
 11665 | D:10     | Found a staircase to the Lair.
 12356 | D:11     | Identified the +10 dagger of Execution {speed, *Rage rPois
                  | Will+ Str+4}
 12708 | D:11     | Noticed a centaur warrior
 12717 | D:11     | Killed a centaur warrior
 12773 | D:11     | Reached ** piety under Sif Muna
 13105 | D:12     | Reached XP level 12. HP: 108/108 MP: 18/26
 13296 | D:12     | Learned a level 4 spell: Petrify
 13401 | D:12     | Noticed a boulder beetle
 13479 | D:12     | Killed a boulder beetle
 14119 | Lair:1   | Entered Level 1 of the Lair of Beasts
 14171 | Lair:1   | Reached skill level 11 in Fighting
 14288 | Lair:1   | Reached skill level 10 in Conjurations
 14555 | Lair:1   | Found a gate leading to a gauntlet.
 14574 | Gauntlet | Entered a Gauntlet
 14574 | Gauntlet | Found a transporter.
 14578 | Gauntlet | Found a transporter.
 14580 | Gauntlet | Found a transporter.
 14594 | Gauntlet | Found a transporter.
 14597 | Gauntlet | Found a transporter.
 14599 | Gauntlet | Noticed a hell hog
 14612 | Gauntlet | Found a transporter.
 14624 | Gauntlet | Found a transporter.
 14632 | Gauntlet | Found a transporter.
 14652 | Gauntlet | Found a transporter.
 14657 | Gauntlet | Found a transporter.
 14681 | Gauntlet | Found a transporter.
 14681 | Gauntlet | Found a transporter.
 14711 | Gauntlet | Found a transporter.
 14716 | Gauntlet | Found a transporter.
 14903 | Gauntlet | Reached skill level 5 in Invocations
 15147 | Gauntlet | Identified the +4 cloak of the Tarantula {rC++ Will+}
 15229 | Gauntlet | Noticed a minotaur
 15238 | Gauntlet | Killed a minotaur
 15239 | Gauntlet | Reached skill level 5 in Transmutations
 16446 | Lair:2   | Reached *** piety under Sif Muna
 16703 | Lair:2   | Found a transporter.
 16856 | Lair:2   | Reached XP level 13. HP: 91/117 MP: 3/27
 17152 | Lair:2   | Found a transporter.
 17163 | Lair:2   | Reached skill level 12 in Fighting
 17255 | Lair:2   | Found a staircase to the Shoals.
 18036 | Lair:3   | Reached skill level 1 in Polearms
 18455 | Lair:3   | Reached **** piety under Sif Muna
 18841 | Lair:3   | Found a staircase to the Snake Pit.
 19928 | Lair:4   | Reached skill level 5 in Polearms
 20007 | Lair:4   | Found a viscous altar of Jiyva.
 20007 | Lair:4   | Found a staircase to the Slime Pits.
 21010 | Lair:5   | Entered Level 5 of the Lair of Beasts
 21017 | Lair:5   | Reached skill level 13 in Fighting
 21052 | Lair:5   | Reached XP level 14. HP: 99/129 MP: 19/29
 22253 | Lair:5   | Reached ***** piety under Sif Muna
 22490 | Lair:5   | Got the Quarto of Hurting
 22503 | Lair:5   | Learned a level 5 spell: Arcjolt
 22509 | Lair:5   | Learned a level 5 spell: Lightning Bolt
 22517 | Lair:5   | Learned a level 7 spell: Orb of Destruction
 22640 | Lair:5   | Received a gift from Sif Muna
 22641 | Lair:5   | Got Sif Muna's Book of Kinetic Ice {god gift}
 22827 | Lair:5   | Reached skill level 1 in Air Magic
 25058 | D:13     | Reached skill level 14 in Fighting
 25082 | D:13     | Found a gate to the Vaults.
 25664 | D:14     | HP: 4/132 [meliai/divine providence (12)]
 25672 | D:14     | HP: 4/132 [meliai/divine providence (13)]
 25673 | D:13     | Succumbed to a meliai's poison

Illustrated notes

Levels and vault maps discovered:
D:1:      dpeg_arrival_tiny_j, layout_loops_ring, minmay_misc_feat_nine_boxes
D:2:      layout_rooms, serial_co_window_serial, co_window_paths_a,
          co_window_paths_b, co_window_paths_a, co_window_paths_a,
          co_window_corner_a, co_window_paths_a, co_window_2corner,
          co_window_of_opportunity_b, co_window_broadway_a, co_window_2corner,
          co_window_unsneaky_path_e, co_window_of_opportunity_c,
          co_window_4corner_b, co_window_paths_e, glass_columns_a,
          glass_columns_a, glass_columns_c, kennysheep_nub
D:3:      layout_rooms
D:4:      nicolae_cairo_tiling_large_dashed, layout_basic,
          nicolae_underground_beach
D:5:      layout_basic, okawaru_metal_pillars_1_2
D:6:      layout_cave_pods, mainiacjoe_overflow_large_starburst,
          minmay_temple_entry_ruins, serial_bayou_lake_a, uniq_prince_ribbit1,
          uniq_sigmund, uniq_duvessa
D:7:      lemuel_ratsnest, layout_loops_corners, lightli_temple_of_fire,
          st_stairs_2, uniq_crazy_yiuf_cottage
D:8:      layout_basic
D:9:      layout_stronghold, nicolae_elyvilon_temple_path, nzn_sisyphean_effort
D:10:     layout_irregular_city, grunt_temple_overflow_order_and_chaos_1,
          mainiacjoe_overflow_chevrons, kennysheep_orc_sif_temple,
          mainiacjoe_overflow_catwalk, overflow_temple_1_default,
          kennysheep_mini, lemuel_crystal_altar, orc_david_3,
          nicolae_shop_firing_range
D:11:     layout_roguey
D:12:     layout_stronghold, st_stairs_13
D:13:     layout_rooms, erik_vaults_1
D:14:     layout_rooms, serial_aquarium, aquarium_bridge_long_separate
          [aquarium_subvault_wall, aquarium_subvault_bridge,
          aquarium_subvault_bridge, aquarium_subvault_wall,
          aquarium_subvault_bridge, aquarium_subvault_window],
          aquarium_window_1, aquarium_window_fake, aquarium_window_1,
          aquarium_view_2g, aquarium_view_2a, aquarium_balcony_3a,
          aquarium_pool_2
Temple:   chequers_temple_sunken
Lair:1:   layout_cave_pods, gauntlet_entry_generic
Lair:2:   gammafunk_cloud_chamber, layout_misc_corridors,
          elwin_shoals_entry_stream, serial_forest, infiniplex_forest_end_1,
          infiniplex_forest_clump_curved, infiniplex_forest_end_2,
          infiniplex_forest_end_2, infiniplex_forest_straight_3,
          infiniplex_forest_clump_long, infiniplex_forest_lined_3_way,
          wad_woods_river_04, grunt_forest_stairs_clearing
Lair:3:   layout_misc_corridors, minmay_snake_entry_six_corridors,
          beast_lair_carwin_11, serial_bayou_shore_b
Lair:4:   layout_cave_pods, minmay_slime_entry_pillars,
          dreamdust_mushroom_princess
Lair:5:   grunt_lair_end_beastmaster, layout_regular_city, worms_lemuel

Skill      XL: |  1  2  3  4  5  6  7  8  9 10 11 12 13 14 |
---------------+-------------------------------------------+-----
Fighting       | 1 2 3 4 6 7 9 10 11 13 14 | 14.0
Earth Magic    | 4 5 7 8 9 10 11 12 13 | 13.0
Spellcasting   | 3 5 6 7 8 10 11 | 11.5
Conjurations   | 1 2 3 5 6 8 9 10 11 | 11.7
Invocations    | 3 6 8 |  8.0
Transmutations | 3 6 |  6.0
Polearms       | 5 9 |  9.5
Air Magic      | 3 |  3.9
Dodging        | |  1.7
Stealth        | |  1.7

Action                   |  1- 3 |  4- 6 |  7- 9 | 10-12 | 13-15 || total
-------------------------+-------+-------+-------+-------+-------++-------
Melee: War axe           |       |       |       |   129 |     5 ||   134
       Tailslap          |       |       |       |    19 |    17 ||    36
       Punch             |       |       |       |     2 |     1 ||     3
       Spear             |       |       |       |       |    82 ||    82
 Cast: Sandblast         |    45 |    81 |    35 |   227 |    56 ||   444
       Stone Arrow       |       |     8 |   113 |   245 |   428 ||   794
       Passwall          |       |       |       |    17 |    10 ||    27
       Petrify           |       |       |       |     3 |       ||     3
       Lightning Bolt    |       |       |       |       |     4 ||     4
       Arcjolt           |       |       |       |       |     2 ||     2
 Abil: Breathe Dispellin |       |       |     3 |     5 |     2 ||    10
  Use: Scroll            |       |    13 |     2 |    10 |     7 ||    32
       Potion            |       |       |     1 |     1 |     4 ||     6
 Stab: Petrified         |       |       |       |     5 |       ||     5
       Sleeping          |       |       |       |       |     1 ||     1
Armor: Skin              |     8 |    10 |    57 |   283 |   227 ||   585
Dodge: Dodged            |    19 |    31 |    71 |   364 |   223 ||   708

Table legend: (Time is in decaauts)
 A = Elapsed time spent in this place.
 B = Non-inter-level travel time spent in this place.
 C = Inter-level travel time spent in this place.
 D = Time resting spent in this place.
 E = Time spent auto-exploring this place.
 F = Levels seen in this place.
 G = Mean time per level.
                   A        B        C        D        E       F      G
               +--------+--------+--------+--------+--------+-----+--------+
         Total |  26102 |  25147 |    955 |   7412 |  10220 |  21 | 1243.0 |
       Dungeon |  15807 |  15117 |    690 |   4038 |   7032 |  14 | 1129.1 |
        Temple |    248 |    248 |      0 |      0 |    181 |   1 |  248.0 |
          Lair |   9208 |   8944 |    264 |   3031 |   3006 |   5 | 1841.6 |
      Gauntlet |    838 |    838 |      0 |    343 |      0 |   1 |  838.0 |
               +--------+--------+--------+--------+--------+-----+--------+

Top non-repeatable levels by time:
  Lair:5: 2392 daAuts
  Lair:4: 2166 daAuts
  Lair:2: 1757 daAuts
     D:5: 1604 daAuts
    D:12: 1589 daAuts
    D:10: 1583 daAuts
     D:6: 1580 daAuts
  Lair:3: 1501 daAuts
     D:7: 1447 daAuts
  Lair:1: 1392 daAuts
     D:9: 1205 daAuts
     D:4: 1118 daAuts
     D:2: 1095 daAuts
    D:11: 1062 daAuts
     D:8: 1008 daAuts
